Map: Abyssal Reef LE

Players

Zest - Winner!

  • Race: Protoss Protoss
  • League: Master
  • Spawn Location: 11:00

ByuN

  • Race: Terran Terran
  • Spawn Location: 5:00

Event: HomeStory Cup XV

VOD

Have the link to the VOD?

Description

Time

  • Played on: July 23, 2017, 4:19 p.m.
  • Length: 12:18

All games in this series

Show
View Real Time Build Order
Export as new Build Order

Zest Protoss - Winner!

Build Orders: 1 Gate Expand, Oracle Opening 

Get SALT Encoding   

  12  0:00  Probe (Chrono Boost)  
  13  0:11  Probe (Chrono Boost)  
  14  0:17  Pylon  
  14  0:22  Probe (Chrono Boost)  
  15  0:35  Probe (Chrono Boost)  
  16  0:36  Gateway  
  16  0:42  Assimilator  
  16  0:46  Probe (Chrono Boost)  
  17  0:56  Probe (Chrono Boost)  
  18  1:07  Probe (Chrono Boost)  
  19  1:19  Nexus  
  19  1:29  Cybernetics Core  
  19  1:32  Probe (Chrono Boost)  
  20  1:38  Assimilator  
  20  1:43  Probe (Chrono Boost)  
  21  1:48  Pylon  
  21  1:53  Probe (Chrono Boost)  
  22  2:04  Probe (Chrono Boost)  
  22  2:06  Adept (Chrono Boost)  
  25  2:12  Stargate  
  25  2:16  Probe  
  25  2:22  Warp Gate  
  26  2:28  Probe  
  29  2:30  Probe, Adept (Chrono Boost)  
  30  2:40  Probe x2  
  32  2:51  Probe  
  32  2:52  Probe  
  32  2:55  Oracle (Chrono Boost)  
  37  2:58  Adept  
  37  3:01  Probe  
  37  3:04  Probe  
  41  3:11  Pylon  
  41  3:12  Probe  
  41  3:16  Probe  
  43  3:22  Probe  
  44  3:30  Gateway  
  44  3:31  Gateway  
  44  3:48  Probe  
  43  3:50  Oracle (Chrono Boost)  
  46  4:01  Probe x2  
  47  4:07  Pylon  
  43  4:13  Probe, Pylon  
  43  4:16  Twilight Council  
  42  4:18  Probe  
  42  4:19  Assimilator  
  42  4:21  Pylon, Void Ray (Chrono Boost)  
  47  4:25  Probe  
  47  4:30  Gateway x2  
  48  4:45  Gateway  
  48  4:46  Gateway  
  48  4:50  Pylon  
  48  4:55  Stalker x3  
  48  4:56  Mothership Core  
  56  5:00  Pylon  
  56  5:05  Pylon  
  55  5:26  Charge (Chrono Boost)  
  55  5:29  Gateway  
  55  5:34  Stalker x2  
  55  5:35  Stalker x2  
  63  5:37  Zealot  
  55  5:58  Void Ray  
  55  6:02  Zealot x5  
  59  6:28  Zealot x6  
  59  6:29  Zealot x2  
  75  6:49  Zealot x3  
  75  6:50  Zealot x3  
  77  7:11  Zealot x7  
  79  7:18  Blink (Chrono Boost)  
  77  7:29  Sentry  
  75  7:30  Phoenix  
  75  7:31  Probe x2  
  75  7:32  Robotics Facility  
  79  7:46  Assimilator  
  79  7:51  Phoenix  
  81  7:59  Probe x2  
  83  8:07  Nexus  
  83  8:09  Sentry  
  83  8:10  Sentry x2  
  89  8:15  Phoenix  
  89  8:17  Pylon  
  89  8:21  Zealot x2  
  93  8:28  Observer (Chrono Boost)  
  94  8:40  Phoenix (Chrono Boost)  
  96  8:42  Pylon  
  96  8:50  Templar Archives  
  96  8:52  Forge  
  96  9:05  Pylon  
  96  9:07  Pylon  
  96  9:13  Immortal  
  100  9:17  Pylon  
  100  9:26  Protoss Ground Armor Level 1 (Chrono Boost)  
  100  9:36  Zealot x6  
  98  9:47  Zealot  
  67  10:00  Mothership Core  
  67  10:01  High Templar  
  67  10:02  Zealot x5  
  71  10:15  Zealot  
  61  10:23  Zealot  
  61  10:24  Zealot x3  
  61  10:27  Sentry  
  67  10:38  High Templar x2  
  71  10:44  High Templar x2  
  73  10:54  Archon  
  73  10:55  Archon  
  69  10:57  Immortal (Chrono Boost)  
  69  10:59  Stalker  
  69  11:00  Stalker x2  
  64  11:14  Stalker x2  
  64  11:17  Stalker x2  
  72  11:23  Stalker  
  72  11:24  Stalker  
  76  11:34  Sentry  
  76  11:37  Observer (Chrono Boost)  
  79  11:48  Zealot x5  
  79  11:49  Zealot  
Show
View Real Time Build Order
Export as new Build Order

ByuN Terran 

Build Orders: MMM Bio 

Get SALT Encoding   

  12  0:00  SCV  
  13  0:12  SCV  
  14  0:17  Supply Depot  
  14  0:26  SCV  
  15  0:39  SCV, Barracks  
  16  0:43  Refinery  
  16  0:51  SCV  
  17  1:03  SCV  
  18  1:15  SCV  
  19  1:26  Marine  
  19  1:27  Orbital Command  
  20  1:40  Command Center  
  20  1:44  Barracks Reactor  
  20  1:51  Supply Depot  
  20  1:54  SCV  
  21  2:05  Factory  
  21  2:07  SCV  
  22  2:15  Refinery  
  22  2:19  SCV  
  22  2:20  Marine  
  22  2:21  Marine  
  25  2:31  SCV  
  26  2:38  Marine  
  26  2:39  Marine  
  26  2:43  SCV  
  29  2:48  Starport  
  29  2:49  Factory Tech Lab  
  29  2:51  Orbital Command  
  29  2:55  SCV  
  29  2:56  Marine  
  31  2:59  Marine  
  32  3:07  SCV  
  32  3:10  Siege Tank  
  36  3:15  Marine  
  36  3:17  Marine  
  36  3:19  SCV x2  
  40  3:26  Supply Depot  
  40  3:29  Medivac  
  40  3:33  SCV x2  
  44  3:37  Marine x2  
  46  3:48  SCV x2  
  42  3:57  Marine x2  
  42  4:00  SCV x2  
  43  4:09  Viking  
  43  4:11  Siege Tank  
  43  4:12  SCV x2  
  48  4:18  Engineering Bay  
  48  4:23  Marine x2  
  50  4:34  SCV x2  
  50  4:44  Marine x2  
  49  4:46  SCV  
  49  4:50  Missile Turret  
  49  4:52  Missile Turret  
  50  4:58  SCV  
  50  4:59  SCV  
  52  5:09  Factory Reactor  
  52  5:11  SCV, Barracks  
  52  5:12  Barracks  
  53  5:16  SCV  
  54  5:21  Stimpack  
  54  5:26  Marine, SCV, Supply Depot  
  56  5:28  Bunker  
  56  5:31  SCV  
  56  5:34  Bunker  
  56  5:36  Starport Reactor  
  56  5:38  SCV  
  56  5:40  Terran Infantry Weapons Level 1  
  57  5:44  Marine, Supply Depot  
  57  5:46  SCV  
  55  5:50  SCV  
  50  5:58  SCV  
  50  6:00  Marine  
  50  6:01  Marine  
  50  6:02  SCV  
  50  6:10  SCV, Refinery, Supply Depot  
  51  6:11  Marine  
  51  6:12  Marine, Factory Reactor  
  51  6:14  Marine, SCV  
  51  6:18  Marine  
  58  6:19  Marine  
  58  6:22  SCV, Medivac x2  
  62  6:29  Marine x2  
  62  6:32  Marine  
  64  6:35  SCV x2, Marine  
  64  6:37  Marine  
  64  6:38  Supply Depot  
  68  6:47  Marine x2  
  68  6:48  Widow Mine x2  
  68  6:50  Marine  
  68  6:52  Medivac  
  68  6:53  Marine  
  78  6:55  Marine  
  72  7:05  Marine x2, SCV  
  72  7:06  SCV  
  58  7:09  Marine  
  58  7:11  Marine  
  58  7:13  Marine  
  50  7:18  SCV  
  48  7:23  Marine x2  
  48  7:27  Marine  
  48  7:29  Marine  
  51  7:30  Marine  
  51  7:31  Widow Mine  
  51  7:34  Orbital Command  
  54  7:37  Widow Mine  
  54  7:41  Marine x2  
  58  7:44  Marine  
  58  7:47  Marine  
  58  7:48  Marine  
  61  7:52  Medivac  
  63  7:58  Marine  
  63  7:59  Marine, SCV  
  63  8:01  Terran Infantry Armor Level 1  
  63  8:02  Marine  
  63  8:05  Marine  
  68  8:06  Combat Shields  
  68  8:10  SCV  
  68  8:11  SCV  
  70  8:21  Marine  
  70  8:22  SCV  
  70  8:24  Marine x2  
  70  8:25  Marine x2  
  70  8:26  Liberator  
  76  8:32  Widow Mine  
  77  8:39  Marine  
  78  8:43  SCV x2, Marine, Widow Mine  
  86  9:00  Supply Depot  
  86  9:05  Liberator  
  86  9:15  Liberator  
  86  9:21  Marine x2, Widow Mine x2  
  86  9:22  Marine  
  94  9:32  SCV  
  94  9:33  Marine x2  
  90  9:39  Marine x3  
  90  9:41  SCV  
  90  9:44  SCV  
  87  9:51  Marine x2  
  85  9:53  SCV  
  85  9:56  SCV  
  85  9:57  Marine x3  
  78  10:02  Widow Mine x2  
  78  10:05  SCV  
  83  10:08  Marine x2  
  83  10:09  SCV  
  83  10:14  Medivac  
  88  10:15  Marine x2, Medivac  
  88  10:17  SCV  
  88  10:19  Marine  
  88  10:21  SCV  
  91  10:26  Marine x2  
  89  10:32  Marine x2  
  91  10:37  Marine, Widow Mine  
  94  10:42  Orbital Command  
  94  10:44  Marine x2  
  94  10:50  Marine x2  
  94  10:55  Marine  
  96  10:59  Widow Mine  
  96  11:02  Marine x2  
  100  11:08  Marine x2  
  78  11:12  Marine  
  78  11:14  Medivac  
  81  11:20  Marine x2  
  81  11:22  Medivac  
  85  11:26  Marine x2  
  85  11:30  Marine, Barracks x2  
  88  11:38  Marine x2  
  90  11:43  Refinery  
  90  11:44  Marine x2  
  89  11:48  Marine  
  89  11:52  Refinery  
  90  11:55  Marine x2  
Tags
 
Add a new tag
Caveats
  • Supply blocks, unpowered buildings, or Contaminate may cause inaccurate times.
  • Supply counts are checked every 10 seconds.